 Seeded DCSS version 0.24.1-14-gf8d2b509d9 (webtiles) character file.

Game seed: 20230125, levelgen mode: deterministic

165 Ghostmaker01 the Charmwright (level 5, 0/38 HPs)
             Began as a Vampire Skald on Mar 24, 2023.
             Slain by a worm (14 damage)
             ... on level 4 of the Dungeon.
             The game lasted 00:04:51 (2449 turns).

Ghostmaker01 the Charmwright (Vampire Skald)        Turns: 2449, Time: 00:04:51

Health: 0/38       AC:  5    Str: 10    XL:     5   Next: 22%
Magic:  8/8        EV: 13    Int: 15    God:
Gold:   155        SH:  0    Dex: 15    Spells: 7/8 levels left

rFire    + . .     SeeInvis +   g - +1 short sword (venom)
rCold    . . .     Gourm    .   (no shield)
rNeg     . . .     Faith    .   b - +0 leather armour
rPois    .         Spirit   .   (no helmet)
rElec    .         Reflect  .   (no cloak)
rCorr    .         Harm     .   q - +1 pair of gloves
MR       +....                  (no boots)
Stlth    +.........             c - amulet of the acrobat
HPRegen  0.32/turn              e - ring of protection from magic
MPRegen  0.11/turn              f - ring of protection from fire

@: regenerating quickly
A: no food, fangs 3, see invisible, unbreathing
a: Exsanguinate


You were on level 4 of the Dungeon.
You were alive.

You visited 1 branch of the dungeon, and saw 4 of its levels.

You collected 155 gold pieces.

Inventory:

Hand Weapons
 a - a +0 hand axe
 g - a +1 short sword of venom (weapon)
Armour
 b - a +0 leather armour (worn)
 q - a +1 pair of gloves (worn)
Jewellery
 c - an amulet of the acrobat (around neck)
 e - a ring of protection from magic (left hand)
 f - a ring of protection from fire (right hand)
Scrolls
 d - 2 scrolls of immolation {unknown}
 j - 3 scrolls of magic mapping {unknown}
 l - a scroll of fog {unknown}
 n - 2 scrolls of remove curse {unknown}
 r - 2 scrolls of blinking {unknown}
 t - 2 scrolls of identify {unknown}
 u - 2 scrolls of teleportation {unknown}
 v - a scroll of fear {unknown}
Potions
 h - a potion of degeneration {unknown}
 i - a potion of might {unknown}
 k - 4 potions of heal wounds {unknown}
 m - a potion of cancellation {unknown}
 o - a potion of flight {unknown}
 s - a potion of curing {unknown}
Comestibles
 p - 2 rations


   Skills:
 + Level 2.2 Fighting
 + Level 2.3 Short Blades
 + Level 2.2 Axes
 + Level 1.5 Armour
 + Level 3.2 Dodging
 + Level 0.8 Stealth
 + Level 2.2 Spellcasting
 + Level 4.0 Charms


You had 7 spell levels left.
You knew the following spells:

 Your Spells              Type           Power        Failure   Level  Hunger
a - Infusion              Chrm           ##..         5%          1    N/A

Your spell library contained the following spells:

 Spells                   Type           Power        Failure   Level  Hunger
 Song of Slaying          Chrm           ##......     9%          2    N/A
 Shroud of Golubria       Chrm/Tloc      #.....       19%         2    N/A
 Regeneration             Chrm/Necr      #.........   36%         3    N/A
 Spectral Weapon          Hex/Chrm       #.......     36%         3    N/A

Dungeon Overview and Level Annotations

Branches:
Dungeon (4/15)
 Temple: D:4-7

Altars:
Dithmenos
Trog


Innate Abilities, Weirdness & Mutations

You do not eat.
Your natural rate of healing is unusually fast.
You have razor-sharp teeth.
You have supernaturally acute eyesight. (SInv)
You can survive without breathing.


Message History

You are too injured to fight recklessly!
You are too injured to fight recklessly!
You are too injured to fight recklessly!
You are too injured to fight recklessly!
You are too injured to fight recklessly!
You are too injured to fight recklessly!
You are too injured to fight recklessly!
You are too injured to fight recklessly!
You are too injured to fight recklessly!
You are too injured to fight recklessly!
You are too injured to fight recklessly!
There are monsters nearby!
There are monsters nearby!
You are too injured to fight recklessly!
You hit the rat but do no damage.
The rat is poisoned.
The rat closely misses you. The worm closely misses you. The worm misses you.
You hit the rat.
The rat is heavily wounded.
The rat closely misses you. The worm bites you!
You die...

......#.#....##.#.#....#######
.......^...#........#..#
..........###.###..##.#####
..##.....####.####.##.....#
..##....##.......###......##
.......##.........##.......#
#......#...........#.......#
####...#....###....#.......#
##..#...##y##@..#.....###
###.#....###wrw.##....#
#...##.........###...##
#...##)..._....##..###
#....##)....))###....##
##.....###...###.......#
#.......#######......###
##..###.....#......###
#....######.#......##


You could see a moth of wrath, 2 worms and a rat (berserk).

Vanquished Creatures
  An orc wizard (D:4)
  A hound skeleton (D:4)
  3 adders
  4 leopard geckos
  15 orcs
  8 bats
  4 giant cockroaches
  6 goblins
  5 hobgoblins
  6 jackals (D:3)
  8 kobolds
  A quokka (D:2)
  A ball python (D:1)
  4 frilled lizards
  13 rats
80 creatures vanquished.

Vanquished Creatures (others)
  A worker ant (D:4)
  An orc (D:4)
  A giant cockroach (D:4)
3 creatures vanquished.

Grand Total: 83 creatures vanquished

Notes
Turn   | Place    | Note
-------+----------+-------------------------------------------
     0 | D:1      | Ghostmaker01 the Vampire Skald began the quest for the Orb.
     0 | D:1      | Reached XP level 1. HP: 16/16 MP: 3/3
   108 | D:1      | Reached XP level 2. HP: 22/22 MP: 5/5
   409 | D:1      | Reached XP level 3. HP: 26/27 MP: 6/6
   776 | D:2      | Reached skill level 1 in Armour
   831 | D:2      | Reached skill level 4 in Charms
  1190 | D:3      | Found a shadowy altar of Dithmenos.
  1194 | D:3      | Reached skill level 1 in Short Blades
  1384 | D:3      | Reached XP level 4. HP: 29/33 MP: 3/7
  1832 | D:3      | Found a faded altar of an unknown god.
  2383 | D:4      | Reached XP level 5. HP: 31/38 MP: 8/8
  2433 | D:4      | Noticed a moth of wrath
  2436 | D:4      | Found a bloodstained altar of Trog.
  2449 | D:4      | Slain by a worm

Levels and vault maps discovered:
D:1:      minmay_arrival_loop, layout_loops_ring, serial_glass, glass_columns_a,
          glass_columns_b
D:2:      layout_loops_cross, first_ration
D:3:      layout_basic, chequers_ecumenical_altar_simple_redux, st_stairs_3,
          grunt_dithmenos_smoke_and_mirrors
D:4:      layout_cave_pools, tgw_trog, xom_confusion_cloud, uniq_ijyb

Skill      XL: |  1  2  3  4 |
---------------+-------------+-----
Axes           | 2 |  2.2
Fighting       | 2 |  2.2
Armour         | 1 |  1.5
Charms         | 4 |  4.0
Short Blades   | 1 2 |  2.3
Dodging        | 3 |  3.2
Stealth        | |  0.8
Spellcasting   | |  2.2

Action                   |  1- 3 |  4- 6 || total
-------------------------+-------+-------++-------
Melee: Hand axe          |    17 |       ||    17
       Short sword       |    93 |   100 ||   193
       Bite              |     6 |    11 ||    17
 Cast: Infusion          |     2 |     2 ||     4
 Stab: Sleeping          |     2 |       ||     2
Armor: Leather armour    |    27 |    28 ||    55
Dodge: Dodged            |    94 |   105 ||   199
